 Dungeon Crawl Stone Soup version 0.28-a0-664-gc179e30c89 (webtiles) character file.

Game seed: 1699652160444516265

5 BlueGoblin the Sneak (level 1, 0/16 HPs)
             Began as an Octopode Delver on Oct 14, 2021.
             Slain by a necrophage (7 damage)
             ... on level 5 of the Dungeon.
             The game lasted 00:00:36 (41 turns).

BlueGoblin the Sneak (Octopode Delver)                Turns: 41, Time: 00:00:37

Health: 0/16       AC:  1    Str: 11    XL:     1   Next: 80%
Magic:  1/1        EV: 17    Int: 12    God:
Gold:   0          SH:  0    Dex: 13    Spells: 0/0 levels left

rFire   . . .      SeeInvis .   a - +0 short sword
rCold   . . .      Faith    .   (no shield)
rNeg    . . .      Spirit   .   (helmet restricted)
rPois   .          Reflect  .   (no amulet)
rElec   .          Harm     .   g - +4 ring of evasion
rCorr   .          Rampage  .   (no ring)
Will    .....                   (no ring)
Stlth   ++++......              (no ring)
HPRegen 0.05/turn               (no ring)
MPRegen 0.07/turn               (no ring)
                                (no ring)
                                (no ring)

@: no status effects
A: almost no armour, amphibious, 8 rings, camouflage 1, gelatinous body 1,
(nimble swimmer 1), tentacles
a: no special abilities


You were on level 5 of the Dungeon.
You visited 1 branch of the dungeon, and saw 1 of its levels.

Inventory:

Hand Weapons
 a - a +0 short sword (weapon)
Jewellery
 g - a +4 ring of evasion (left tentacle)
Wands
 f - a wand of digging (3)
Scrolls
 b - a scroll of fog
 d - a scroll of fear
Potions
 e - a potion of haste


   Skills:
 + Level 3.0 Fighting
 + Level 2.0 Short Blades
 + Level 2.0 Dodging
 + Level 6.9 Stealth


You couldn't memorise any spells.
You didn't know any spells.
Your spell library was empty.

Dungeon Overview and Level Annotations

Branches:
Dungeon (5/15)
 Temple: D:4-7

Altars:


Innate Abilities, Weirdness & Mutations

You cannot wear most types of armour.
You are amphibious.
You can wear up to eight rings at the same time.
Your skin changes colour to match your surroundings (Stealth+).
Your rubbery body absorbs attacks. (AC +1, EV +1)
((You are camouflaged near water. (Stealth+)))
You have tentacles for arms and can constrict up to eight enemies at once.


Message History

Welcome, BlueGoblin the Octopode Delver.
Everyone else who sought the Orb of Zot has failed.
Will you be different?
Press ? for a list of commands and other information.
Found 42 stones and 16 gold pieces.
Found a stone staircase leading down.
An ufetubus comes into view.
The ufetubus moves out of view.
Found a steel ring.
The ufetubus shouts!
You see here 16 stones.
The ufetubus hits you. The ufetubus closely misses you.
You see here a +4 ring of evasion.
You hit the ufetubus but do no damage. Your grab misses the ufetubus.
The ufetubus barely misses you. The ufetubus hits you. x3
You hit the ufetubus. You grab the ufetubus. You squeeze the ufetubus.
You kill the ufetubus!
g - a +4 ring of evasion
g - a +4 ring of evasion (left tentacle)
You start resting.
A necrophage comes into view.
You start resting.
A necrophage is nearby!
Unknown command.
As you read the scroll of magic mapping, it crumbles to dust.
You feel aware of your surroundings.
You sensed 1 altar, and 1 shop/portal.
The necrophage completely misses you.
An orc comes into view. It is wielding a +0 dagger.
The orc shouts!
You hear a shout!
You hit the orc. You grab the orc. Your squeeze misses the orc.
The orc is heavily wounded.
You constrict the orc. The orc closely misses you.
You hit the orc.
You kill the orc!
The necrophage hits you!
You die...

*********,,** *,****,*
*********,,,***...,*,*******
,,,,,,,,,,,,,,,...,,,,,,,,>*
**,,∩,,**,,,,**#.#,*,**,****
*,,,,,**,,,,,,..#,,,**,****
*,,,,,,**,,,*##.##****,,,,*
*,,,,,,****,*,...,,,*****,*
***,,,,* #.,,#)#**,*,*,,,*
*,,,,* #..,#@# *,*,*,***
*,,,,* #...#n#**,*,*,*
*,,,,* #...#.#,,,,,,,*
****** *...#.#,*,*******
**#.#.#,*,,,,,,,*
#...#,*******,* ##..#,..#
*,,,* #####..###.# *,***
#........#.# *,*


You could see a necrophage.

Vanquished Creatures
  An ufetubus (D:5)
  An orc (D:5)
2 creatures vanquished.

Notes
Turn   | Place    | Note
-------+----------+-------------------------------------------
     0 | D:5      | BlueGoblin the Octopode Delver began the quest for the Orb.
     0 | D:5      | Reached XP level 1. HP: 16/16 MP: 1/1
    21 | D:5      | Noticed a necrophage
    41 | D:5      | Slain by a necrophage

Illustrated notes

Levels and vault maps discovered:
D:5:      layout_basic, yredelemnul_altar_generic, serial_shops, shop,
          amcnicky_mini_pool_medium, uniq_sigmund

Action                   || total
-------------------------++-------
Melee: Short sword       ||     4
       Constrict         ||     2
       Tentacles         ||     1
  Use: Scroll            ||     1
Dodge: Dodged            ||     4

Table legend: (Time is in decaauts)
 A = Elapsed time spent in this place.
 B = Non-inter-level travel time spent in this place.
 C = Inter-level travel time spent in this place.
 D = Time resting spent in this place.
 E = Time spent auto-exploring this place.
 F = Levels seen in this place.
 G = Mean time per level.
                   A        B        C        D        E       F      G
               +--------+--------+--------+--------+--------+-----+--------+
         Total |     40 |     40 |      0 |     12 |      1 |   1 |   40.0 |
       Dungeon |     40 |     40 |      0 |     12 |      1 |   1 |   40.0 |
               +--------+--------+--------+--------+--------+-----+--------+

Top non-repeatable levels by time:
     D:5: 40 daAuts
